 Dungeon Crawl Stone Soup version 0.27-a0-836-gfc908b8576 (webtiles) character file.

Game seed: 17436128898467699962

210 Aviak the Skirmisher (level 5, -7/42 HPs)
             Began as a Djinni Monk on Mar 31, 2021.
             Mangled by Crazy Yiuf
             ... wielding a +2 quarterstaff of chaos
              (8 damage)
             ... while paralysed by Crazy Yiuf
             ... on level 2 of the Dungeon.
             The game lasted 00:02:47 (3069 turns).

Aviak the Skirmisher (Djinni Monk)                  Turns: 3069, Time: 00:02:48

Health: -7/42      AC:  4    Str:  9 (10) XL:     5   Next: 88%
Gold:   87         EV:  2    Int: 10 (13) God:
                   SH:  0    Dex: 13 (15)

rFire    + + .     SeeInvis .   a - +0 falchion
rCold    x . .     Faith    .   (no shield)
rNeg     . . .     Spirit   .   l - +2 robe
rPois    ∞         Reflect  .   (no helmet)
rElec    .         Harm     .   (no cloak)
rCorr    .         Rampage  .   (no gloves)
Will     .....                  (boots unavailable)
Stlth    ++........             (no amulet)
HPRegen  0.14/turn              (no ring)
MPRegen  0.00/turn              (no ring)

@: paralysed, flying, slowed
A: fire resistance 2, cold vulnerability 1, float, innate caster, hp casting,
extra vitality 1
a: no special abilities


You were on level 2 of the Dungeon.
You visited 1 branch of the dungeon, and saw 2 of its levels.

You collected 87 gold pieces.

Inventory:

Hand Weapons
 a - a +0 falchion (weapon)
Armour
 b - a +0 robe
 l - a +2 robe (worn)
Wands
 g - a wand of iceblast (8)
 k - a wand of digging (4)
Scrolls
 i - a scroll of immolation
Potions
 c - a potion of curing
 e - a potion of might {unknown}
 f - a potion of degeneration {!q!q}
 h - a potion of haste {unknown}
 j - a potion of brilliance {unknown}


   Skills:
 + Level 4.4 Fighting
 + Level 4.0 Long Blades
 - Level 3.2 Dodging
 - Level 1.5 Stealth
 + Level 2.3 Spellcasting


You had 5 spell levels left.
You knew the following spells:

 Your Spells              Type           Power      Damage    Failure   Level
a - Foxfire               Conj/Fire      20%        2x1d5     12%         1
b - Ensorcelled Hibernat  Hex/Ice        10%        N/A       17%         2
Your spell library was empty.

Dungeon Overview and Level Annotations

Branches:
Dungeon (2/15)

Altars:

Shops:
D:2 ?=:*?

Annotations:
D:2 Crazy Yiuf


Innate Abilities, Weirdness & Mutations

You are immune to poison.
Your flesh is very heat resistant. (rF++)
You are vulnerable to cold. (rC-)
You float through the air rather than walking.
You learn spells naturally, not from books.
Your magical power is your life essence.
You have superior vitality. (+4 HP)


Message History

You hit the quokka but do no damage.
The quokka is severely wounded.
The quokka bites you.
You hit the quokka.
You kill the quokka!
You now have 87 gold pieces (gained 4).
There is an open door here.
Crazy Yiuf shouts!
No reachable target in view!
No reachable target in view!
Could not explore, unopened runed door.
You reach down and open the door.
Crazy Yiuf screams, "Goldfish wrapper tired!"
Casting: Foxfire (safe; 10% risk of failure)
Confirm with . or Enter, or press ? or * to list all spells.
You conjure some foxfire!
Crazy Yiuf hits you with a +2 quarterstaff of chaos!
Space warps horribly around you!!
* * * LOW HITPOINT WARNING * * *
The foxfire hits Crazy Yiuf but does no damage. x2
Crazy Yiuf says, "Scoff Orb Guardian illywillydillykilly!"
As you read the scroll labelled SYICEHIF LICYDISM, it crumbles to dust.
It is a scroll of identify.
i - a scroll of immolation Crazy Yiuf hits you with a +2 quarterstaff of chaos!
* * * LOW HITPOINT WARNING * * *
You feel yourself slow down.
It was a potion of degeneration.
There was something very wrong with that liquid.
You feel weakened.
You feel dopey.
You feel clumsy.
Crazy Yiuf says, "I'm not crazy!"
Crazy Yiuf barely misses you.
You riposte.
You closely miss Crazy Yiuf.
It was a potion of curing.
You feel better.
c - a potion of curing;
k - a wand of digging (4) Crazy Yiuf says, "Crazy?
Crazy!?
PORCUPINE!"
Crazy Yiuf hits you with a +2 quarterstaff of chaos!
* * * LOW HITPOINT WARNING * * *
You suddenly lose the ability to move!
Crazy Yiuf hits you with a +2 quarterstaff of chaos!
You die...

..####.........####...#.######.#.
#....+.........'.................
..####........################.##
.## ##.......# #.## .#
##.....######## #... .#
##....#....#.### ### #### .#
##'#.......#..##...# # .# #####
#.#.....g####.'...# # .# #...#
#.##...@## ###..)# # .#
#...###.####### ### #
.###...##.....# # ..............#
## ............##### ### #.
#...........###.####.# #.
####...#..#......)...# #.
#...#........###### ##
#...#.######.#


You could see Crazy Yiuf.

Vanquished Creatures
  Sigmund (D:2)
  An ufetubus (D:2)
  A worm (D:2)
  A dart slug (D:2)
  6 endoplasms
  A giant cockroach (D:1)
  5 goblins
  5 hobgoblins
  4 jackals (D:2)
  A kobold (D:1)
  A quokka (D:2)
  3 ball pythons
  4 bats (D:1)
  4 frilled lizards
  2 rats (D:1)
40 creatures vanquished.

Vanquished Creatures (others)
  62 foxfires
62 creatures vanquished.

Grand Total: 102 creatures vanquished

Notes
Turn   | Place    | Note
-------+----------+-------------------------------------------
     0 | D:1      | Aviak the Djinni Monk began the quest for the Orb.
     0 | D:1      | Reached XP level 1. HP: 20/20 MP: 0/0
   501 | D:1      | Reached XP level 2. HP: 19/25 MP: 0/0
  1163 | D:1      | Reached skill level 1 in Spellcasting
  1163 | D:1      | Reached XP level 3. HP: 26/30 MP: 0/0
  1163 | D:1      | Learned a level 1 spell: Foxfire
  1506 | D:2      | Found Jigu Argh's Book Shop.
  1514 | D:2      | Found Hostruh's Jewellery Shop.
  1691 | D:2      | Found Xariq's Assorted Antiques.
  1961 | D:2      | Found Erean's Magic Scroll Emporium.
  2314 | D:2      | Found Enufilunoi's Magic Scroll Emporium.
  2453 | D:2      | Found a runed translucent door.
  2454 | D:2      | Noticed Crazy Yiuf
  2609 | D:2      | Noticed Sigmund
  2626 | D:2      | Killed Sigmund
  2627 | D:2      | Reached XP level 4. HP: 38/38 MP: 0/0
  2627 | D:2      | Reached XP level 5. HP: 42/42 MP: 0/0
  2627 | D:2      | Learned a level 2 spell: Ensorcelled Hibernation
  3069 | D:2      | HP: 1/42 [Crazy Yiuf/+2 quarterstaff of chaos (9)]
  3069 | D:2      | Paralysed by Crazy Yiuf for 7 turns
  3069 | D:2      | Mangled by Crazy Yiuf

Illustrated notes

Levels and vault maps discovered:
D:1:      minmay_arrival_open_corners, layout_loops_corners, serial_glass,
          glass_columns_b, glass_columns_a
D:2:      layout_loops_corners, serial_shops, nicolae_shop_crystal,
          nicolae_shop_stone, nicolae_shop_statue_plus, shop, shop,
          uniq_crazy_yiuf_cottage, uniq_sigmund

Skill      XL: |  1  2  3 |
---------------+----------+-----
Long Blades    | 3 4 |  4.0
Spellcasting   | 1 2 |  2.3
Fighting       | 4 |  4.4
Dodging        | |  3.2
Stealth        | |  1.5

Action                   |  1- 3 |  4- 6 || total
-------------------------+-------+-------++-------
Melee: Falchion          |    78 |    21 ||    99
 Cast: Foxfire           |    36 |     1 ||    37
Evoke: Wand              |     1 |       ||     1
  Use: Potion            |     1 |     2 ||     3
       Scroll            |       |     1 ||     1
 Stab: Sleeping          |     6 |       ||     6
Armor: Robe              |    15 |     5 ||    20
Dodge: Dodged            |    77 |    16 ||    93
       Rpst.: Falchion   |    22 |     3 ||    25

Table legend: (Time is in decaauts)
 A = Elapsed time spent in this place.
 B = Non-inter-level travel time spent in this place.
 C = Inter-level travel time spent in this place.
 D = Time resting spent in this place.
 E = Time spent auto-exploring this place.
 F = Levels seen in this place.
 G = Mean time per level.
                   A        B        C        D        E       F      G
               +--------+--------+--------+--------+--------+-----+--------+
         Total |   3082 |   3062 |     20 |    236 |   2496 |   2 | 1541.0 |
       Dungeon |   3082 |   3062 |     20 |    236 |   2496 |   2 | 1541.0 |
               +--------+--------+--------+--------+--------+-----+--------+

Top non-repeatable levels by time:
     D:2: 1642 daAuts
     D:1: 1440 daAuts
